 Dungeon Crawl Stone Soup version 0.31-a0-149-g3fdcc5976a (webtiles) character file.

Game seed: 6992301908709672574

181493 comborobin the Crack Shot (level 17, -14/104 HPs)
             Began as a Deep Elf Delver on June 7, 2023.
             Was a High Priest of Cheibriados.
             Shot with an arrow by a deep elf archer (18 damage)
             ... on level 1 of the Elven Halls on June 8, 2023.
             The game lasted 01:25:17 (30397 turns).

comborobin the Crack Shot (Deep Elf Delver)        Turns: 30397, Time: 01:25:18

Health: -14/104    AC: 14    Str: 19    XL:     17   Next: 68%
Magic:  21/31      EV: 27    Int: 39    God:    Cheibriados [*****.]
Gold:   3410       SH:  0    Dex: 35    Spells: 22/32 levels left

rFire   + . .        a - +1 longbow
rCold   + . .        (shield currently unavailable)
rNeg    . . .        T - +3 troll leather armour
rPois   +            B - +2 helmet
rElec   .            v - scarf {rC+ rF+}
rCorr   .            g - +2 pair of gloves of Greed {Regen+ Int+3}
SInv    +            (no boots)
Will    +....        R - amulet of regeneration
Stlth   ++++         L - +4 ring of slaying
HPRegen 2.77/turn    x - ring of Qaps {rPois Int+3 Dex+3 SInv}
MPRegen 0.22/turn

%: clarity
@: very slow
A: clarity, clever 1
a: Renounce Religion, Bend Time, Temporal Distortion, Slouch, Step From Time


You were on level 1 of the Elven Halls.
You worshipped Cheibriados.
Cheibriados was extremely pleased with you.
You visited 6 branches of the dungeon, and saw 28 of its levels.
You also visited: Ossuary, Gauntlet and Volcano.

You collected 3434 gold pieces.
You spent 24 gold pieces at shops.

Inventory:

Hand Weapons
 a - a +1 longbow (weapon)
 b - the +11 falchion "Hydrabane" {flame, Str+3 Dex+2}
   (You found it on level 5 of the Dungeon)

   Str:       It affects your strength (+3).
   Dex:       It affects your dexterity (+2).
 r - a +1 arbalest of flaming
 F - a +0 quick blade of flaming
 Q - a +1 heavy orcbow
Missiles
 H - 5 throwing nets
Armour
 g - the +2 pair of gloves of Greed (worn) {Regen+ Int+3}
   (You acquired it on level 10 of the Dungeon)

   Int:       It affects your intelligence (+3).
   Regen:     It increases your rate of health regeneration.
 v - a scarf of resistance (worn)
 B - a +2 helmet (worn)
 K - +0 ice dragon scales
 M - a +2 robe of willpower
 N - a +3 ring mail of fire resistance
 T - a +3 troll leather armour (worn)
Jewellery
 h - a +6 ring of intelligence
 l - a +6 ring of strength
 p - a +6 ring of intelligence
 u - a ring of flight
 x - the ring of Qaps (right hand) {rPois Int+3 Dex+3 SInv}
   (You acquired it on level 9 of the Dungeon)

   [ring of poison resistance]

   Int:       It affects your intelligence (+3).
   Dex:       It affects your dexterity (+3).
   rPois:     It protects you from poison.
   SInv:      It lets you see invisible.
 L - a +4 ring of slaying (left hand)
 R - an amulet of regeneration (around neck)
 V - an amulet of the acrobat
Wands
 k - a wand of digging (2)
 J - a wand of flame (29)
 O - a wand of mindburst (13)
 P - a wand of acid (7)
 U - a wand of polymorph (5)
Scrolls
 c - 3 scrolls of fog
 e - 2 scrolls of fear
 i - 8 scrolls of identify
 j - 2 scrolls of summoning
 q - 2 scrolls of immolation
 s - 6 scrolls of poison
 y - 9 scrolls of teleportation
 z - a scroll of magic mapping
 A - 6 scrolls of vulnerability
 E - 3 scrolls of enchant armour
 S - 2 scrolls of silence
 W - 3 scrolls of blinking
 X - 4 scrolls of amnesia
Potions
 d - a potion of berserk rage
 f - 6 potions of haste
 m - 5 potions of mutation
 n - 2 potions of lignification
 t - a potion of ambrosia
 w - 3 potions of brilliance
 C - a potion of cancellation
 D - a potion of might
 G - 7 potions of heal wounds
 I - 15 potions of curing
 Y - 5 potions of attraction
 Z - 3 potions of resistance
Miscellaneous
 o - a tin of tremorstones (2/2)


   Skills:
 + Level 11.2 Fighting
 - Level 2.7(4.8) Short Blades
 - Level 5.7(6.0) Long Blades
 + Level 25.6 Ranged Weapons
 - Level 7.0 Armour
 - Level 12.0 Dodging
 - Level 6.0 Stealth
 - Level 8.0 Spellcasting
 - Level 3.0 Hexes
 - Level 5.0 Translocations
 - Level 10.0 Invocations
 - Level 13.6 Evocations


You had 22 spell levels left.
You knew the following spells:

 Your Spells              Type           Power      Damage    Failure   Level
a - Tukima's Dance        Hex            39%        N/A       2%          3
b - Blink                 Tloc           100%       N/A       1%          2
h - Passage of Golubria   Tloc           53%        N/A       3%          4
A - Apportation           Tloc           100%       N/A       1%          1

Your spell library contained the following spells:

 Spells                   Type           Power      Damage    Failure   Level
 Lesser Beckoning         Tloc           100%       N/A       1%          2
 Momentum Strike          Conj/Tloc      70%        3d9       1%          2
 Kiss of Death            Conj/Necr      60%        2d10      2%          1
 Necrotise                Necr           60%        1d7       2%          1
 Summon Small Mammal      Summ           60%        N/A       2%          1
 Confusing Touch          Hex            39%        N/A       2%          3
 Vhi's Electric Charge    Tloc/Air       70%        N/A       2%          3
 Scorch                   Fire           30%        2d6       4%          2
 Static Discharge         Conj/Air       30%        2-4/arc   4%          2
 Dazzling Flash           Conj/Hex       54%        N/A       4%          3
 Ozocubu's Armour         Ice            15%        N/A       8%          3
 Anguish                  Hex/Necr       13%        N/A       14%         4
 Airstrike                Air            7%         2d(2-18)  26%         4
 Dispel Undead            Necr           15%        3d10      26%         4
 Summon Lightning Spire   Summ/Air       15%        N/A       26%         4
 Yara's Violent Unravell  Hex/Tmut       13%        3d7       36%         5
 Arcjolt                  Conj/Air       7%         1d17      58%         5
 Iskenderun's Battlesphe  Conj           15%        2d7       58%         5
 Leda's Unmaking          Conj/Erth      7%         9d2       99%         6
 Plasma Beam              Fire/Air       7%         2x1d18    99%         6
 Ozocubu's Refrigeration  Ice            7%         4d9       100%        7
 Spellforged Servitor     Conj/Summ      7%         N/A       100%        7
 Maxwell's Capacitive Co  Air            7%         ∞         100%        8


Dungeon Overview and Level Annotations

Branches:
Dungeon (15/15)            Temple (1/1) D:4            Lair (5/5) D:10
 Shoals (0/4) Lair:2       Spider (0/4) Lair:3        Slime (0/5) Lair:4
    Orc (2/2) D:9             Elf (1/3) Orc:2        Vaults (0/5) D:14
 Depths (4/4) D:15        Ossuary (visited)         Volcano (visited)
Gauntlet (visited)
    Zot: Depths:4

Altars:
Ashenzari
Cheibriados
Dithmenos
Elyvilon
Fedhas
Gozag
Hepliaklqana
Kikubaaqudgha
Makhleb
Nemelex Xobeh
Okawaru
Qazlal
Ru
Sif Muna
Trog
Uskayaw
Vehumet
Wu Jian
Xom
Yredelemnul
Zin
The Shining One
Jiyva

Shops:
D:11 :   D:12 (   D:13 *   D:15 (   Orc:1 (   Orc:2 *!=(:

Portals:
Hell: Depths:1 Depths:2 Depths:3
Pandemonium: Depths:2 Depths:4
Ziggurat: Depths:2
Trove: D:10 (give +4 ice dragon scales)

Annotations:
Depths:2 3 runed translucent doors, Rofut's ghost, adept AtIE; Uqusumpo's ghost, veteran DjCj
Depths:3 exclusion: downstairs


Innate Abilities, Weirdness & Mutations

You possess an exceptional clarity of mind.
Your mind is acute. (Int +4, Str/Dex -1)


Message History

The arrow closely misses the deep elf archer.
The deep elf archer unwields a +0 short sword.
The deep elf archer wields a +0 shortbow.
The deep elf archer shoots an arrow.
The arrow misses you.
You shoot an arrow.
The arrow closely misses the deep elf archer.
The deep elf archer gestures wildly while chanting.
The deep elf archer blinks!
You shoot an arrow. The arrow misses the deep elf archer.
The deep elf archer shoots an arrow.
The arrow completely misses you.
The deep elf archer shoots an arrow.
The arrow completely misses you.
You shoot an arrow.
The arrow barely misses the deep elf archer.
The deep elf archer shoots an arrow.
The arrow hits you.
The deep elf archer shoots an arrow.
The arrow hits you!! The arrow burns you.
You shoot an arrow. The arrow hits the deep elf archer!!!
The deep elf archer is severely wounded.
The deep elf archer shoots an arrow.
The arrow misses you.
The deep elf archer shoots an arrow.
The arrow closely misses you.
The deep elf archer shoots an arrow.
The arrow hits you!!
The deep elf archer shoots an arrow.
The arrow hits you!
* * * LOW HITPOINT WARNING * * *
The arrow burns you.
* * * LOW HITPOINT WARNING * * *
Activating: Slouch (1% risk of failure)
Press: ? - help, Dir - look around, f - activate You can feel time thicken for a moment.
You kill the deep elf archer!
Cheibriados thoroughly appreciates the change of pace.
Cheibriados lowers the support of your attributes as your movement quickens.
The deep elf archer shoots an arrow.
The arrow hits you!!
* * * LOW HITPOINT WARNING * * *
The arrow burns you.
* * * LOW HITPOINT WARNING * * *
Unknown command.
Activating: Slouch (1% risk of failure)
Press: ? - help, Dir - look around, f - activate You can feel time thicken for a moment.
The deep elf archer shoots an arrow.
The arrow hits you!!
You die...

##...#.## .. ..)####.###.
.e).#...#.# .##..#....E#
..).....☼ # #....# ##.
#...# ... ##..###.#
##.@..# # #.#.## #.
##.#)# #. ##.##># ..
##.###.# #### #.###..#
#)# #...
#.....###.######## #...
###....##........#####...
#.###.#######..........


You could see a deep elf archer (repels missiles).

Vanquished Creatures
  A quicksilver dragon (Depths:2)
  Asterion (Depths:2)
  2 sphinxes
  3 frost giants
  2 fire giants
  Louise (D:15)
  An orc warlord (Orc:1)
  A spriggan defender (Depths:2)
  4 stone giants
  19 very ugly things
  A vampire knight (D:15)
  A lorocyproca (Depths:2)
  A minotaur (Gauntlet)
  Snorg (D:14)
  2 spark wasps (Depths:1)
  An ettin (Orc:2)
  3 fire dragons
  Josephine (Lair:4)
  A vault guard (D:14)
  2 rakshasas
  Erolcha (D:12)
  2 spriggan air magi
  An ogre mage (D:14)
  4 hydras
  4 dancing weapons
  4 boulder beetles
  6 centaur warriors
  5 ice dragons
  6 two-headed ogres
  6 death yaks (Lair:1)
  4 tengu warriors
  A deep troll shaman (Depths:1)
  3 orc high priests (Orc:2)
  A vampire mage (Depths:1)
  2 sun demons
  A soul eater (Depths:2)
  2 spriggan berserkers
  Nergalle (Lair:2)
  A hell knight (Volcano)
  2 iron trolls (Depths:1)
  5 deep elf knights (Elf:1)
  9 skeletal warriors
  A death drake (shapeshifter) (D:15)
  A pharaoh ant (Lair:3)
  A flayed ghost (Depths:3)
  A deep troll (Depths:1)
  A shadow dragon zombie (Depths:2)
  3 lindwurms
  A wizard (D:14)
  2 necromancers
  2 phantasmal warriors
  14 deep elf pyromancers
  5 orc knights
  12 deep elf zephyrmancers
  3 harpies (Lair:2)
  5 deep elf archers (Elf:1)
  An oklob plant (Lair:3)
  30 ugly things
  5 orc sorcerers
  6 cyclopes
  6 manticores
  15 elephants
  A fire giant skeleton (Depths:2)
  2 black mambas
  A torpor snail (Lair:1)
  A rust devil (Gauntlet)
  A gargoyle (D:11)
  14 cane toads
  2 kobold demonologists (D:10)
  A rime drake (Lair:5)
  An efreet (D:15)
  An orange demon (Depths:2)
  17 komodo dragons
  A yaktaur (D:12)
  2 ice devils (Depths:2)
  2 tengu conjurers (Depths:1)
  A red devil (Volcano)
  A harpy zombie (D:15)
  11 polar bears
  6 meliai (D:14)
  6 trolls
  10 hornets
  Prince Ribbit (D:6)
  17 blink frogs
  2 tarantellas (Lair:3)
  A fire giant simulacrum (Depths:2)
  14 dream sheep (Lair:5)
  9 slime creatures
  4 centaur simulacra (D:10)
  Sigmund (D:3)
  A ynoxinul (Gauntlet)
  72 yaks
  3 shadows
  7 wraiths
  Eustachio (D:5)
  16 spriggans
  9 wyverns
  A vampire (D:14)
  2 water elementals
  A fire elemental (Orc:2)
  4 basilisks
  10 vampire mosquitoes
  2 chaos spawn (Depths:2)
  A neqoxec (Depths:2)
  2 steam dragons
  3 wargs
  A glowing shapeshifter zombie (Depths:2)
  14 water moccasins
  An acid dragon (D:14)
  A glowing shapeshifter skeleton (Depths:2)
  20 orc warriors
  2 hornet zombies (D:15)
  An ice beast (D:10)
  3 black bears
  5 boggarts
  A sky beast (D:7)
  38 wolves
  6 ogres
  10 centaurs
  2 phantoms
  2 kobold brigands (D:10)
  An elf zombie (Ossuary)
  2 earth elementals (Elf:1)
  9 bullfrogs
  3 gnoll sergeants
  2 scorpions
  13 wights
  A killer bee (D:11)
  An electric eel (D:10)
  6 howler monkeys
  2 centaur zombies
  Crazy Yiuf (D:2)
  3 hounds
  2 human zombies (Ossuary)
  A gnoll bouda (D:7)
  19 orc priests
  4 jellies (Lair:4)
  4 iron imps (Gauntlet)
  A sleepcap (D:6)
  2 iguanas
  25 orc wizards
  A boggart skeleton (D:15)
  2 hound zombies (Ossuary)
  Robin (D:3)
  3 mummies (Ossuary)
  19 gnolls
  An adder (D:2)
  A shadow imp (D:7)
  4 white imps
  2 howler monkey simulacra (D:10)
  An ufetubus (D:10)
  2 adder zombies (Ossuary)
  2 worms (D:3)
  6 dart slugs
  64 orcs
  8 endoplasms
  5 giant cockroaches
  5 hobgoblins
  3 jackals (D:5)
  2 quokkas
  3 training dummies (Orc:1)
  4 ball pythons
  6 bats
  3 frilled lizards
  3 gnoll zombies (Ossuary)
  18 goblins
  3 goblin zombies (Ossuary)
  6 hobgoblin zombies (Ossuary)
  5 jackal zombies (Ossuary)
  10 kobolds
  3 kobold zombies (Ossuary)
  4 quokka zombies (Ossuary)
  3 rats
  A rat zombie (Ossuary)
914 creatures vanquished.

Vanquished Creatures (others)
  A tengu conjurer (Depths:2)
  A vampire (D:11)
  2 dancing weapons
  An orc (Orc:2)
5 creatures vanquished.

Grand Total: 919 creatures vanquished

Notes
Turn   | Place    | Note
-------+----------+-------------------------------------------
     0 | D:5      | comborobin the Deep Elf Delver began the quest for the Orb.
     0 | D:5      | Reached XP level 1. HP: 13/13 MP: 3/3
   167 | D:3      | Noticed an orc priest
   279 | D:4      | Found a staircase to the Ecumenical Temple.
   296 | D:4      | Reached XP level 2. HP: 18/18 MP: 4/4
   309 | Temple   | Entered the Ecumenical Temple
   504 | Temple   | Became a worshipper of Cheibriados the Contemplative
   696 | D:4      | Noticed a phantom
   719 | D:4      | HP: 1/27 [phantom (4)]
   721 | D:4      | Killed a phantom
   722 | D:4      | Reached XP level 3. HP: 2/23 MP: 5/5
   722 | D:4      | Reached XP level 4. HP: 3/28 MP: 6/6
  1136 | D:2      | Gained mutation: You possess an exceptional clarity of
                  | mind. [potion of mutation]
  1136 | D:2      | Gained mutation: Your mind is acute. (Int +4, Str/Dex -1)
                  | [potion of mutation]
  1147 | D:2      | Noticed Robin
  1152 | D:2      | You fall into a shaft and drop 2 floors!
  1655 | D:3      | Reached XP level 5. HP: 31/31 MP: 7/7
  1741 | D:3      | Reached * piety under Cheibriados
  1757 | D:3      | Found a sparkling altar of Nemelex Xobeh.
  2037 | D:3      | Noticed Sigmund
  2107 | D:3      | Killed Sigmund
  2108 | D:3      | Reached skill level 5 in Dodging
  2108 | D:3      | Reached XP level 6. HP: 21/39 MP: 8/8
  2776 | D:3      | Reached ** piety under Cheibriados
  2856 | D:3      | Killed Robin
  3217 | D:2      | Found a runed translucent door.
  3218 | D:2      | Noticed Crazy Yiuf
  3420 | D:2      | Killed Crazy Yiuf
  3889 | D:1      | Reached *** piety under Cheibriados
  4085 | D:1      | Reached skill level 1 in Ranged Weapons
  4366 | D:5      | Reached skill level 2 in Ranged Weapons
  4366 | D:5      | Reached XP level 7. HP: 44/44 MP: 9/9
  4449 | D:5      | Reached skill level 3 in Ranged Weapons
  4569 | D:5      | Reached skill level 4 in Ranged Weapons
  4957 | D:5      | Reached skill level 5 in Ranged Weapons
  4964 | D:5      | Reached skill level 6 in Ranged Weapons
  5092 | D:5      | Noticed Eustachio
  5124 | D:5      | Killed Eustachio
  5125 | D:5      | Reached skill level 7 in Ranged Weapons
  5247 | D:5      | Reached XP level 8. HP: 42/48 MP: 10/10
  5357 | D:5      | Reached skill level 8 in Ranged Weapons
  5449 | D:5      | Identified the +11 falchion "Hydrabane" {flame, Str+3
                  | Dex+2}
  5752 | D:6      | Reached **** piety under Cheibriados
  5772 | D:6      | Reached skill level 9 in Ranged Weapons
  5816 | D:6      | Reached skill level 1 in Invocations
  5892 | D:6      | Reached skill level 1 in Long Blades
  6388 | D:7      | Reached skill level 5 in Fighting
  6394 | D:7      | Noticed Prince Ribbit
  6437 | D:6      | Killed Prince Ribbit
  6438 | D:6      | Reached skill level 10 in Ranged Weapons
  6579 | D:7      | Found a sand-covered staircase.
  6587 | Ossuary  | Entered an ossuary
  6647 | Ossuary  | Reached skill level 11 in Ranged Weapons
  6647 | Ossuary  | Reached XP level 9. HP: 47/54 MP: 12/12
  6798 | Ossuary  | Reached ***** piety under Cheibriados
  6971 | D:7      | Reached skill level 12 in Ranged Weapons
  7033 | D:7      | Found a radiant altar of Vehumet.
  7455 | D:8      | Reached skill level 13 in Ranged Weapons
  7472 | D:8      | Reached skill level 14 in Ranged Weapons
  7642 | D:8      | Found a broken altar of Ashenzari.
  7662 | D:8      | Reached skill level 15 in Ranged Weapons
  7666 | D:8      | Reached XP level 10. HP: 54/59 MP: 13/13
  7768 | D:8      | Learned a level 1 spell: Apportation
  8390 | D:9      | Noticed a two-headed ogre
  8398 | D:9      | Killed a two-headed ogre
  8399 | D:9      | Reached skill level 1 in Evocations
  8406 | D:9      | Found a staircase to the Orcish Mines.
  8815 | D:9      | Reached skill level 5 in Invocations
  9149 | Orc:1    | Entered Level 1 of the Orcish Mines
  9226 | D:10     | Entered Level 10 of the Dungeon
  9258 | D:10     | Reached skill level 5 in Long Blades
  9308 | D:10     | Reached XP level 11. HP: 64/64 MP: 16/16
  9420 | D:10     | Found a staircase to the Lair.
  9432 | D:10     | Identified 2 scrolls of acquirement
  9434 | D:10     | Acquired the +2 pair of gloves of Greed {Regen+ Int+3}
  9456 | D:9      | Acquired the ring of Qaps {rPois Int+3 Dex+3 SInv}
  9607 | D:10     | Noticed a deep elf pyromancer
  9613 | D:10     | Killed a deep elf pyromancer
  9969 | D:10     | Reached skill level 16 in Ranged Weapons
 10400 | D:10     | Found a portal to a secret trove of treasure.
 10583 | D:10     | Found an ornate altar of the Wu Jian Council.
 10583 | D:10     | Found a blossoming altar of Fedhas.
 10583 | D:10     | Found a glowing silver altar of Zin.
 10583 | D:10     | Found a glowing golden altar of the Shining One.
 11042 | D:11     | Learned a level 4 spell: Passage of Golubria
 11059 | D:11     | Noticed a skeletal warrior
 11059 | D:11     | Noticed a skeletal warrior
 11063 | D:11     | Noticed a skeletal warrior
 11097 | Lair:1   | Entered Level 1 of the Lair of Beasts
 11142 | Lair:1   | Reached ****** piety under Cheibriados
 11143 | Lair:1   | Reached skill level 1 in Translocations
 11152 | Lair:1   | Acquired 900 gold pieces
 11183 | Lair:1   | Noticed a death yak
 11183 | Lair:1   | Noticed a death yak
 11183 | Lair:1   | Noticed a death yak
 11191 | Lair:1   | Noticed a death yak
 11191 | Lair:1   | Noticed a death yak
 11191 | Lair:1   | Noticed a death yak
 11383 | Orc:1    | Found Arauss's Firing Range.
 11405 | Orc:1    | Noticed an orc sorcerer
 11410 | Orc:1    | Killed an orc sorcerer
 11420 | Orc:1    | Noticed an orc sorcerer
 11542 | Orc:1    | Noticed an orc knight
 11560 | Orc:1    | Killed an orc knight
 11561 | Orc:1    | Reached skill level 5 in Spellcasting
 11729 | Orc:2    | Entered Level 2 of the Orcish Mines
 11729 | Orc:2    | Noticed an orc sorcerer
 11747 | Orc:2    | Killed an orc sorcerer
 11748 | Orc:2    | Reached XP level 12. HP: 65/69 MP: 21/21
 11913 | Orc:2    | Noticed an orc warlord
 12173 | Orc:1    | Killed an orc warlord
 12174 | Orc:1    | Reached skill level 5 in Evocations
 12337 | Orc:2    | Found a staircase to the Elven Halls.
 12479 | Orc:2    | Found Uckorelei's Vocational Training.
 12479 | Orc:2    | Noticed an ettin
 12488 | Orc:2    | Killed an ettin
 12962 | Orc:2    | Noticed an orc high priest
 12993 | Orc:2    | Killed an orc high priest
 13152 | Orc:2    | Noticed an orc high priest
 13163 | Orc:2    | Killed an orc high priest
 13205 | Orc:2    | Noticed an orc high priest
 13239 | Orc:2    | Reached skill level 10 in Evocations
 13515 | Orc:2    | Killed an orc high priest
 13539 | Orc:2    | Found Udwes's Assorted Antiques.
 13539 | Orc:2    | Found Heoh's Distillery.
 13541 | Orc:2    | Found Ruxt's Weapon Boutique.
 13541 | Orc:2    | Found Kaleasuycs's Jewellery Shoppe.
 13553 | Orc:2    | Bought a blue potion for 24 gold pieces
 13740 | D:11     | Noticed a boulder beetle
 13760 | D:11     | Killed a boulder beetle
 13943 | D:11     | Noticed a seven-headed hydra
 13952 | D:11     | Killed a five-headed hydra
 13957 | D:11     | Noticed a centaur warrior
 13959 | D:11     | Killed a centaur warrior
 13960 | D:11     | Reached XP level 13. HP: 23/74 MP: 11/22
 14581 | D:11     | Found Xooly's Book Boutique.
 14863 | D:12     | Reached skill level 17 in Ranged Weapons
 14869 | D:12     | Found Yqeara Onge's Weapon Shoppe.
 15132 | D:12     | Identified the +7 scimitar "Laj Jypt" {distort, rN+ Stlth+}
 15133 | D:12     | Noticed Erolcha
 15136 | D:12     | Killed Erolcha
 15323 | D:12     | Reached skill level 18 in Ranged Weapons
 16053 | D:13     | Reached skill level 19 in Ranged Weapons
 16459 | D:13     | Found Xomy's Assorted Antiques.
 16687 | D:14     | Found a gate leading to a gauntlet.
 16694 | Gauntlet | Entered a Gauntlet
 16694 | Gauntlet | Found a transporter.
 16694 | Gauntlet | Found a transporter.
 16694 | Gauntlet | Found a transporter.
 16695 | Gauntlet | Found a transporter.
 16699 | Gauntlet | Found a transporter.
 16699 | Gauntlet | Found a transporter.
 16706 | Gauntlet | Found a transporter.
 16707 | Gauntlet | Found a transporter.
 16708 | Gauntlet | Found a transporter.
 16711 | Gauntlet | Found a transporter.
 16718 | Gauntlet | Found a transporter.
 16719 | Gauntlet | Found a transporter.
 17022 | Gauntlet | Learned a level 3 spell: Tukima's Dance
 17032 | Gauntlet | Noticed a minotaur
 17048 | Gauntlet | Killed a minotaur
 17156 | D:14     | Learned a level 2 spell: Blink
 17245 | D:14     | Reached XP level 14. HP: 67/80 MP: 23/23
 17548 | D:14     | Found a gate to the Vaults.
 17550 | D:14     | Noticed Snorg
 17581 | D:14     | Killed Snorg
 17739 | D:14     | Found a stormy altar of Qazlal.
 17781 | D:14     | Reached skill level 5 in Translocations
 18570 | D:15     | Entered Level 15 of the Dungeon
 18616 | D:15     | Found a hide-covered altar of Uskayaw.
 18631 | D:15     | Got Sif Muna's Tome of the Flaming Fair Folk
 18672 | D:15     | Noticed Louise
 18837 | Lair:1   | Reached skill level 1 in Armour
 19243 | Lair:1   | Reached skill level 20 in Ranged Weapons
 19856 | Lair:2   | Noticed Nergalle
 19926 | Lair:2   | Reached skill level 10 in Dodging
 19978 | Lair:2   | Killed Nergalle
 20307 | Lair:2   | Found a staircase to the Shoals.
 20909 | Lair:3   | Reached XP level 15. HP: 84/88 MP: 24/24
 20955 | Lair:3   | Reached skill level 10 in Invocations
 20985 | Lair:3   | Found a hole to the Spider Nest.
 21845 | Lair:4   | Found a dark tunnel.
 21851 | Volcano  | Entered a volcano
 22287 | Lair:4   | Noticed Josephine
 22295 | Lair:4   | Killed Josephine
 22328 | Lair:4   | Found a viscous altar of Jiyva.
 22341 | Lair:4   | Found a staircase to the Slime Pits.
 22884 | Lair:5   | Entered Level 5 of the Lair of Beasts
 22890 | Lair:5   | Reached skill level 21 in Ranged Weapons
 23074 | Lair:5   | Reached skill level 5 in Armour
 24425 | D:15     | Reached skill level 22 in Ranged Weapons
 24476 | D:15     | Killed Louise
 24502 | D:15     | Reached XP level 16. HP: 93/93 MP: 26/30
 24552 | D:14     | Paralysed by an ogre mage for 4 turns
 24794 | D:15     | Found Nuramu Zae's Weapon Shop.
 24953 | D:15     | Found a staircase to the Depths.
 25074 | D:15     | Reached skill level 23 in Ranged Weapons
 25142 | Depths:1 | Entered Level 1 of the Depths
 25259 | Depths:1 | Found a gateway to Hell.
 25843 | Depths:1 | Found a white marble altar of Elyvilon.
 26003 | Depths:1 | Found a radiant altar of Vehumet.
 26079 | Depths:2 | Found a runed translucent gate.
 26079 | Depths:2 | Found a runed translucent gate.
 26079 | Depths:2 | Found a runed translucent gate.
 26190 | Depths:2 | Noticed Uqusumpo's ghost (veteran DjCj)
 26190 | Depths:2 | Noticed Rofut's ghost (adept AtIE)
 26210 | Depths:2 | Found a one-way gateway to a ziggurat.
 26283 | Depths:2 | Noticed a quicksilver dragon
 26283 | Depths:2 | Noticed a sphinx
 26297 | Depths:2 | Killed a quicksilver dragon
 26300 | Depths:2 | Killed a sphinx
 27385 | Depths:1 | Reached skill level 24 in Ranged Weapons
 28001 | Depths:2 | Reached XP level 17. HP: 100/100 MP: 15/31
 28284 | Depths:2 | Noticed Asterion
 28295 | Depths:2 | Killed Asterion
 28337 | Depths:2 | Acquired an amulet of regeneration
 28826 | Depths:2 | Found a one-way gate leading to the halls of Pandemonium.
 28909 | Depths:2 | Reached skill level 10 in Fighting
 29293 | Depths:4 | Entered Level 4 of the Depths
 29417 | Depths:3 | Reached skill level 25 in Ranged Weapons
 29471 | Depths:3 | Identified the +5 spear of the Arena {spect, rElec rCorr
                  | Str-3 SInv}
 29484 | Depths:3 | Noticed a walking frostbound tome
 29514 | Depths:3 | Noticed a juggernaut
 29514 | Depths:3 | Noticed a quicksilver dragon
 29746 | Elf:1    | Entered Level 1 of the Elven Halls
 30396 | Elf:1    | HP: 3/104 [deep elf archer/arrow (29)]
 30396 | Elf:1    | HP: 1/104 [deep elf archer/arrow (2)]
 30397 | Elf:1    | Shot with an arrow by a deep elf archer

Illustrated notes

Levels and vault maps discovered:
D:1:      kennysheep_arrival_forest, layout_basic
D:2:      layout_rooms, uniq_crazy_yiuf_cottage, uniq_robin
D:3:      minmay_angry_zag, layout_loops_corners, mainiacjoe_overflow_24_doors,
          uniq_sigmund
D:4:      minmay_evil_eye, layout_basic, minmay_temple_entry_large_hall
D:5:      layout_loops_corners, uniq_eustachio
D:6:      layout_loops_ring, minmay_misc_feat_alley
D:7:      cheibrodos_iron_armory, layout_cave_pools,
          mainiacjoe_overflow_catwalk, nicolae_ossuary_entry_plus,
          dreamdust_princess_bridge, uniq_prince_ribbit1
D:8:      layout_basic, mainiacjoe_overflow_small_starburst
D:9:      layout_big_octagon
D:10:     layout_basic, chequers_temple_overflow_statue_of_worship,
          minmay_lair_entry_grove, serial_ice, serial_ice_d, serial_ice_g,
          serial_ice_j, serial_ice_o, serial_ice_n, serial_ice_h, serial_ice_f,
          serial_ice_c, trove_entry_hex_spiral
D:11:     minmay_the_grid_octo_tiled_squarecenter
          [minmay_the_grid_octo_pinwheel, minmay_the_grid_octo_77,
          minmay_the_grid_octo_clover_2, minmay_the_grid_octo_fat_diamond,
          minmay_the_grid_square_5x5_megaprize_hollow,
          minmay_the_grid_square_5x5_one_wall,
          minmay_the_grid_square_5x5_shrine2,
          minmay_the_grid_square_5x5_detours,
          minmay_the_grid_square_5x5_three_walls], layout_loops_cross,
          serial_shops, shop
D:12:     layout_long_grid, serial_shops, nicolae_shop_bloodbath_and_beyond,
          hangedman_abyss_or_decor_lesser_grid, uniq_erolcha
D:13:     layout_long_grid, serial_shops, shop
D:14:     layout_layer_cave, david_vaults_5, nicolae_qazlal_general_emergency,
          gauntlet_entry_generic, minivault_25, uniq_snorg
D:15:     grunt_enter_depths_snipers, layout_rooms, serial_shops,
          nicolae_shop_statue_plus, nicolae_uskayaw_suspiria, uniq_louise
Temple:   bh_familiar_temple
Lair:1:   layout_cave_pods
Lair:2:   layout_small_grid, nicolae_shoals_entry_roost,
          infiniplex_staircase_pool_2, uniq_nergalle
Lair:3:   layout_roguey, nicolae_spider_entry_lesser_pyramids,
          beast_lair_carwin_6, grunt_megastairs_5
Lair:4:   layout_regular_city, nicolae_slime_entry_field_trip, enter_volcano_2,
          st_stairs_3, uniq_josephine
Lair:5:   minmay_lair_end_enchanted_forest, layout_small_grid
Orc:1:    layout_caves, nicolae_shop_firing_range
Orc:2:    grunt_orc_tribal_feast, layout_diamond_mine, nicolae_shop_vocational
Elf:1:    elf_arrival_002, layout_loops_ring, hangedman_elf_represent,
          minmay_shop_grid_forest
Depths:1: layout_honeycomb, hell_entry, vehumet_crystals,
          nicolae_elyvilon_temple_path
Depths:2: minmay_curly_fans, layout_gridville, enter_ziggurat_d,
          hellmonk_bongcloud_opening, hell_entry, gammafunk_ghost_cemetery,
          grunt_pan_entry_zigzag, uniq_asterion, uniq_josephina
Depths:3: minmay_tri_box, layout_gridlike, nemelex_xobeh_ov_fountains_minmay,
          rand_demon_pan_entry_8, hell_entry, abyss_entry_crystal
Depths:4: evilmike_zot_entry_diamond, layout_gridville,
          grunt_hell_entry_demonic_statue, pan_entry

Skill      XL: |  1  2  3  4  5  6  7  8  9 10 11 12 13 14 15 16 17 |
---------------+----------------------------------------------------+-----
Dodging        | 4 5 6 7 9 10 11 12 | 12.0
Fighting       | 3 4 5 6 8 9 11 | 11.2
Ranged Weapons | 2 7 11 15 16 19 20 22 24 25 | 25.6
Invocations    | 1 5 6 9 10 | 10.0
Long Blades    | 1 5 |  5.7
Evocations     | 4 12 13 | 13.6
Spellcasting   | 5 8 |  8.0
Translocations | 4 5 |  5.0
Hexes          | 2 3 |  3.0
Armour         | 4 5 7 |  7.0
Short Blades   | |  2.7
Stealth        | |  6.0

Action                     |  1- 3 |  4- 6 |  7- 9 | 10-12 | 13-15 | 16-18 || total
---------------------------+-------+-------+-------+-------+-------+-------++-------
  Melee: Mace              |    16 |    10 |       |       |       |       ||    26
         Short sword       |     1 |    69 |       |       |       |       ||    70
         Unarmed           |    13 |    39 |       |       |       |       ||    52
         Flail             |     9 |    16 |       |       |       |       ||    25
         Club              |       |    50 |    43 |       |       |       ||    93
         Falchion          |       |       |    49 |    58 |    45 |     7 ||   159
         Punch             |       |       |       |     3 |       |       ||     3
   Fire: Shortbow          |       |       |   262 |    17 |       |       ||   279
         Orcbow            |       |       |       |   635 |  1458 |    35 ||  2128
         Arbalest          |       |       |       |    12 |    93 |    32 ||   137
         Longbow           |       |       |       |       |       |   764 ||   764
   Cast: Passage of Golubr |       |       |       |    38 |    23 |   109 ||   170
         Tukima's Dance    |       |       |       |       |     3 |     2 ||     5
         Blink             |       |       |       |       |     1 |    29 ||    30
         Apportation       |       |       |       |       |       |     8 ||     8
 Invoke: Slouch            |       |       |       |     7 |     7 |    13 ||    27
         Temporal Distorti |       |       |       |     1 |     1 |       ||     2
         Bend Time         |       |       |       |       |     1 |       ||     1
         Step From Time    |       |       |       |       |       |     1 ||     1
  Evoke: Wand              |       |     2 |     1 |    13 |    21 |     5 ||    42
    Use: Scroll            |     1 |     2 |     1 |    21 |     4 |    11 ||    40
         Potion            |     1 |     5 |       |     3 |     3 |     2 ||    14
   Stab: Sleeping          |     3 |    22 |     3 |       |       |       ||    28
         Distracted        |       |       |     1 |       |       |       ||     1
         Paralysed         |       |       |     1 |       |       |       ||     1
 Armour: Leather armour    |     6 |    45 |    48 |    14 |       |       ||   113
         Skin              |     9 |    19 |       |       |       |       ||    28
         Troll leather arm |       |       |       |    48 |    79 |    62 ||   189
  Dodge: Dodged            |    22 |   122 |   162 |   326 |   759 |   404 ||  1795

Table legend: (Time is in decaauts)
 A = Elapsed time spent in this place.
 B = Non-inter-level travel time spent in this place.
 C = Inter-level travel time spent in this place.
 D = Time resting spent in this place.
 E = Time spent auto-exploring this place.
 F = Levels seen in this place.
 G = Mean time per level.
                   A        B        C        D        E       F      G
               +--------+--------+--------+--------+--------+-----+--------+
         Total |  46283 |  41749 |   4534 |   4168 |  27437 |  31 | 1493.0 |
       Dungeon |  25206 |  22031 |   3175 |   2345 |  15853 |  15 | 1680.4 |
        Temple |    223 |    172 |     51 |      0 |    169 |   1 |  223.0 |
          Lair |   9048 |   8462 |    586 |     65 |   6979 |   5 | 1809.6 |
  Orcish Mines |   3557 |   3363 |    194 |    760 |   1595 |   2 | 1778.5 |
   Elven Halls |    618 |    618 |      0 |    119 |    277 |   1 |  618.0 |
        Depths |   6054 |   5530 |    524 |    840 |   1881 |   4 | 1513.5 |
       Ossuary |    407 |    407 |      0 |      0 |    228 |   1 |  407.0 |
       Volcano |    422 |    422 |      0 |     35 |    211 |   1 |  422.0 |
      Gauntlet |    744 |    744 |      0 |      3 |    242 |   1 |  744.0 |
               +--------+--------+--------+--------+--------+-----+--------+

Top non-repeatable levels by time:
    D:10: 2997 daAuts
Depths:1: 2844 daAuts
    D:14: 2819 daAuts
Depths:2: 2709 daAuts
   Orc:2: 2374 daAuts
    D:11: 2162 daAuts
     D:3: 2135 daAuts
  Lair:5: 2056 daAuts
  Lair:1: 2052 daAuts
    D:12: 1985 daAuts
  Lair:4: 1710 daAuts
  Lair:3: 1689 daAuts
     D:8: 1660 daAuts
     D:5: 1638 daAuts
    D:15: 1595 daAuts
